 Dungeon Crawl Stone Soup version 0.24.0-123-gd5b16e6ec5 (webtiles) character file.

Game seed: 8787759708576922667, levelgen mode: deterministic

160 Nivan the Poker (level 5, 0/41 HPs)
             Began as a Merfolk Gladiator on Feb 11, 2020.
             Slain by a hound (1 damage)
             ... on level 4 of the Dungeon.
             The game lasted 00:06:53 (1861 turns).

Nivan the Poker (Merfolk Gladiator)                 Turns: 1861, Time: 00:06:53

Health: 0/41       AC: -4    Str: 16    XL:     5   Next: 41%
Magic:  5/5        EV: 13    Int: 10    God:
Gold:   130        SH:  4    Dex: 17    Spells: 4/4 levels left

rFire    . . .     SeeInvis .   a - +0 trident
rCold    + . .     Gourm    .   p - +0 buckler
rNeg     . . .     Faith    .   q - -2 ring mail (curse)
rPois    .         Spirit   .   v - +0 helmet {Int+3}
rElec    .         Reflect  .   (no cloak)
rCorr    .         Harm     .   (no gloves)
MR       .....                  (no boots)
Stlth    ++........             (no amulet)
HPRegen  0.13/turn              j - +2 ring of strength
MPRegen  0.09/turn              r - ring of protection from cold

@: corroded
A: change form in water, swift swim, stealthy swim
a: no special abilities


You were on level 4 of the Dungeon.
You were not hungry.

You visited 1 branch of the dungeon, and saw 4 of its levels.

You collected 130 gold pieces.

Inventory:

Hand Weapons
 a - a +0 trident (weapon)
Missiles
 d - 3 throwing nets (quivered)
Armour
 b - a +0 leather armour
 c - a +0 helmet
 g - a +0 shield
 p - a +0 buckler (worn)
 q - a cursed -2 ring mail (worn)
 v - a +0 helmet of intelligence (worn)
Jewellery
 j - a +2 ring of strength (left hand)
 r - a ring of protection from cold (right hand)
 s - a +4 ring of intelligence {unknown}
 t - an uncursed ring of wizardry {unknown}
Wands
 u - a wand of flame (21)
Scrolls
 e - a scroll of fear {unknown}
 h - a scroll of amnesia {unknown}
 i - 3 scrolls of identify {unknown}
 l - 2 scrolls of teleportation {unknown}
 m - 3 scrolls of remove curse {unknown}
 n - a scroll of enchant weapon {unknown}
Potions
 k - a potion of invisibility {unknown}
 o - 2 potions of curing {unknown}
Comestibles
 f - 6 rations


   Skills:
 + Level 3.4 Fighting
 + Level 5.7 Polearms
 - Level 2.0 Throwing
 + Level 5.2 Dodging
 + Level 2.6 Stealth


You had 4 spell levels left.
You didn't know any spells.
Your spell library was empty.

Dungeon Overview and Level Annotations

Branches:
Dungeon (4/15)             Temple (0/1) D:4

Altars:
Cheibriados
The Shining One


Message History

Found a wand of flame (16).
Found 22 stones.
You block the hound's attack. The hound closely misses you.
Found a scroll labeled ZODURCH SIGRUGO.
The hound barely misses you.
The jelly jiggles.
The hound bites you.
* * * LOW HITPOINT WARNING * * *
The hound bites you.
* * * LOW HITPOINT WARNING * * *
The hound misses you.
Found a staircase to the Ecumenical Temple.
The hound pauses to sniff the ground.
The hound closely misses you. The hound bites you.
* * * LOW HITPOINT WARNING * * *
There is a staircase to the Ecumenical Temple here.
The hound bites you.
You die...

##. ..## .. .# ... .##
.. #.. .. . # #.#.. .#
.. .# ...##.#.# ..#
#.##......#...#
.#....@.##.....
....##..h...##..
.##....##J#.....
...##....#.##..
#.....#........#
......#.##..#.##.##..#
..............o?......
#.......#####..........
..........# ##.########


You could see a hound and a jelly.

Vanquished Creatures
  Terence (D:2)
  4 gnolls (D:2)
  2 oozes (D:2)
  An adder skeleton (D:4)
  4 worms
  4 dart slugs
  A leopard gecko (D:1)
  2 orcs (D:3)
  3 giant cockroaches
  2 goblins (D:2)
  8 hobgoblins
  8 jackals
  A quokka (D:3)
  6 bats
  4 frilled lizards
  8 kobolds
  7 rats
66 creatures vanquished.

Vanquished Creatures (others)
  An octopode (D:1)
  A gargoyle (D:1)
  An elf (D:1)
  A spriggan (D:1)
  A formicid (D:1)
  2 vampires (D:1)
  A human (D:1)
  A dwarf (D:1)
  An ogre (D:1)
  2 orcs (D:1)
  4 tentacles (D:1)
16 creatures vanquished.

Grand Total: 82 creatures vanquished

Notes
Turn   | Place    | Note
-------+----------+-------------------------------------------
     0 | D:1      | Nivan the Merfolk Gladiator began the quest for the Orb.
     0 | D:1      | Reached XP level 1. HP: 16/16 MP: 1/1
     0 | D:1      | Noticed a vampire
     0 | D:1      | Noticed an octopode
     0 | D:1      | Noticed a dwarf
     0 | D:1      | Noticed a spriggan
     0 | D:1      | Noticed a human
     0 | D:1      | Noticed a kraken
     0 | D:1      | Noticed an elf
     0 | D:1      | Noticed a formicid
     0 | D:1      | Noticed a vampire
     0 | D:1      | Noticed an ogre
     0 | D:1      | Noticed a gargoyle
     5 | D:1      | Killed a human
     5 | D:1      | Killed a vampire
     8 | D:1      | Killed an elf
     8 | D:1      | Killed an octopode
     9 | D:1      | Killed a vampire
    10 | D:1      | Killed a dwarf
    11 | D:1      | Killed a gargoyle
    11 | D:1      | Killed an ogre
    11 | D:1      | Killed a formicid
    14 | D:1      | Killed a spriggan
   107 | D:1      | Reached XP level 2. HP: 22/23 MP: 2/2
   187 | D:1      | Reached skill level 1 in Stealth
   360 | D:1      | Reached XP level 3. HP: 27/28 MP: 3/3
   677 | D:2      | Reached skill level 5 in Polearms
   860 | D:2      | Noticed Terence
   867 | D:2      | Reached XP level 4. HP: 33/35 MP: 4/4
   894 | D:2      | Killed Terence
   907 | D:2      | Reached skill level 5 in Dodging
  1007 | D:2      | Found a snail-covered altar of Cheibriados.
  1012 | D:2      | Reached XP level 5. HP: 41/41 MP: 5/5
  1817 | D:4      | Found a glowing golden altar of the Shining One.
  1857 | D:4      | Found a staircase to the Ecumenical Temple.
  1860 | D:4      | HP: 1/41 [hound (5)]
  1861 | D:4      | Slain by a hound

Levels and vault maps discovered:
D:1:      nicolae_arrival_kraken_aquarium_a, layout_basic
D:2:      layout_loops_ring, nrook_uturn, kennysheep_slug_shrine, uniq_terence
D:3:      layout_rooms
D:4:      minmay_spotlight, layout_rooms, fedhas_altar_fruit_tree,
          nicolae_overflow_crystal_walls, minmay_temple_entry_ruins,
          first_ration

Skill      XL: |  1  2  3  4 |
---------------+-------------+-----
Stealth        | 1 2 |  2.6
Polearms       | 5 |  5.7
Fighting       | 3 |  3.4
Dodging        | 5 |  5.2
Throwing       | |  2.0

Action                   |  1- 3 |  4- 6 || total
-------------------------+-------+-------++-------
Melee: Trident           |   108 |   127 ||   235
 Stab: Sleeping          |     1 |     2 ||     3
       Distracted        |       |     1 ||     1
  Eat: Chunk             |       |     3 ||     3
Armor: Leather armour    |    23 |     5 ||    28
       Ring mail         |       |    10 ||    10
Dodge: Dodged            |    64 |    62 ||   126
Block: Buckler           |       |    11 ||    11
